 Dungeon Crawl Stone Soup version 0.30.1-8-g117510f58f (webtiles) character file.

Game seed: 253656088182954742

3917 Amplified the Fighter (level 10, -16/82 HPs)
             Began as a Mummy Gladiator on Sept 22, 2023.
             Was an Initiate of Gozag.
             Demolished by a komodo dragon (24 damage)
             ... on level 9 of the Dungeon.
             The game lasted 00:08:02 (6528 turns).

Amplified the Fighter (Mummy Gladiator)             Turns: 6528, Time: 00:08:03

Health: -16/82     AC: 12    Str: 20    XL:     10   Next: 1%
Magic:  10/10      EV: 13    Int: 12    God:    Gozag
Gold:   413        SH:  9    Dex: 16    Spells: 7/9 levels left

rFire   . . .        p - +4 flail (venom)
rCold   + + .        b - +0 kite shield
rNeg    + + +        q - +0 steam dragon scales
rPois   ∞            c - +1 helmet
rElec   .            h - +1 cloak
rCorr   +            n - +2 pair of gloves
SInv    .            (no boots)
Will    ++...        j - amulet of regeneration
Stlth   ++           o - ring of protection from cold
HPRegen 1.13/turn    s - ring of Qolotefa {rF+ Will+ rCorr Str+2 Dex+3 Stlth+}
MPRegen 0.12/turn

%: faith
@: no status effects
A: cold resistance 1, negative energy resistance 3, torment resistance 2, heat
vulnerability 1, in touch with death 1, no potions, faith
a: Renounce Religion, Potion Petition, Call Merchant, Bribe Branch


You were on level 9 of the Dungeon.
You worshipped Gozag.
Gozag was aware of your devotion.
You visited 2 branches of the dungeon, and saw 10 of its levels.

You collected 648 gold pieces.
You spent 99 gold pieces at shops.
You paid 136 gold pieces to Gozag.

Inventory:

Hand Weapons
 p - a +4 flail of venom (weapon)
Missiles
 d - 3 throwing nets (quivered)
 e - 4 javelins
Armour
 b - a +0 kite shield (worn)
 c - a +1 helmet (worn)
 h - a +1 cloak (worn)
 n - a +2 pair of gloves (worn)
 q - +0 steam dragon scales (worn)
Jewellery
 j - an amulet of regeneration (around neck)
 o - a ring of protection from cold (left hand)
 s - the ring of Qolotefa (right hand) {rF+ Will+ rCorr Str+2 Dex+3 Stlth+}
   (You acquired it on level 7 of the Dungeon)

   [ring of willpower]

   Str:       It affects your strength (+2).
   Dex:       It affects your dexterity (+3).
   rF:        It protects you from fire.
   rCorr:     It protects you from acid and corrosion.
   Will:      It increases your willpower.
   Stlth:     It makes you more stealthy.
 v - a +6 ring of strength
Wands
 g - a wand of paralysis (19)
 r - a wand of quicksilver (11)
 t - a wand of polymorph (12)
Scrolls
 a - a scroll of fog {unknown}
 f - 3 scrolls of amnesia
 i - 3 scrolls of noise
 k - 2 scrolls of immolation
 l - a scroll of fear
 m - 2 scrolls of magic mapping
 w - 2 scrolls of teleportation


   Skills:
 * Level 8.6 Fighting
 * Level 7.4 Maces & Flails
 - Level 1.5 Throwing
 - Level 5.5 Dodging
 * Level 4.5 Shields
 - Level 0.1 Spellcasting


You had 7 spell levels left.
You knew the following spells:

 Your Spells              Type           Power      Damage    Failure   Level
a - Poisonous Vapours     Pois/Air       0%         N/A       75%         2

Your spell library contained the following spells:

 Spells                   Type           Power      Damage    Failure   Level
 Summon Small Mammal      Summ           0%         N/A       61%         1
 Call Canine Familiar     Summ           0%         N/A       93%         3
 Inner Flame              Hex/Fire       0%         N/A       93%         3
 Mephitic Cloud           Conj/Pois/Air  0%         N/A       93%         3
 Summon Guardian Golem    Hex/Summ       0%         N/A       93%         3
 Flame Wave               Conj/Fire      0%         2d4       100%        4
 Sticky Flame             Conj/Fire      0%         2d3       100%        4
 Summon Lightning Spire   Summ/Air       0%         N/A       100%        4
 Freezing Cloud           Conj/Ice/Air   0%         6-21      100%        5
 Summon Hydra             Summ           0%         N/A       100%        7
 Maxwell's Capacitive Co  Air            0%         ∞         100%        8
 Sublimation of Blood     Necr           Unusable   N/A       N/A         2
 Wereblood                Tmut           Unusable   N/A       N/A         2
 Storm Form               Tmut/Air       Unusable   N/A       N/A         7

Dungeon Overview and Level Annotations

Branches:
Dungeon (9/15)             Temple (1/1) D:5            Lair (0/5) D:9
    Orc: D:9-12

Altars:
Ashenzari
Cheibriados
Dithmenos
Fedhas
Gozag
Hepliaklqana
Kikubaaqudgha
Makhleb
Nemelex Xobeh
Okawaru
Qazlal
Sif Muna
Trog
Uskayaw
Vehumet
Wu Jian
Xom
Yredelemnul

Shops:
D:1 [   D:2 =   D:6 :   D:8 *

Annotations:
D:3 Ijyb
D:5 1 runed translucent door, tykejmi's ghost, novice DgAE
D:9 1 runed translucent door, Ivernyr's ghost, novice FoFi


Innate Abilities, Weirdness & Mutations

You are immune to poison.
Your flesh is cold resistant. (rC+)
You are immune to negative energy. (rN+++)
You are immune to unholy pain and torment.
You are vulnerable to heat. (rF-)
You are in touch with the powers of death.
You do not drink.
You have a special connection with the divine. (Faith)


Message History

The komodo dragon looks as sick as possible!
The komodo dragon is lightly wounded.
You block the komodo dragon's attack. x2
You hit the komodo dragon but do no damage.
The komodo dragon looks as sick as possible!
The komodo dragon is lightly wounded.
The komodo dragon bites you!!
You hit the komodo dragon.
The komodo dragon looks as sick as possible!
The komodo dragon is lightly wounded.
The komodo dragon bites you!!
You are too injured to fight recklessly!
You are too injured to fight recklessly!
You are too injured to fight recklessly!
You are too injured to fight recklessly!
You are too injured to fight recklessly!
You are too injured to fight recklessly!
You sock the komodo dragon!
The komodo dragon is moderately wounded.
The komodo dragon bites you but does no damage.
You closely miss the komodo dragon.
The komodo dragon is heavily wounded.
The komodo dragon hisses menacingly.
You block the komodo dragon's attack.
You sock the komodo dragon!
The komodo dragon looks as sick as possible!
The komodo dragon is almost dead.
The komodo dragon closely misses you.
You barely miss the komodo dragon.
The komodo dragon is almost dead.
The komodo dragon bites you!!
* * * LOW HITPOINT WARNING * * *
You hit the komodo dragon.
The komodo dragon looks as sick as possible!
The komodo dragon is almost dead.
The komodo dragon bites you!
* * * LOW HITPOINT WARNING * * *
The komodo dragon bites you!!
You die...
Your body crumbles into a pile of gold.

..# ..## ......#..... ...##
.........$.## .....
...?........# .#
#...........### .#
#............. .###.
#.............
.........##.....l.......
...##.....#.....@........
.######...#.......$......
.##...##.........####.^.....
...................##..##...
......#.....................
......##..................#
#.........>.........##...#
##.......#..##.......#..#
##.!.....#....[.##.....#


You could see a komodo dragon (extremely poisoned).

Vanquished Creatures
  Maggie (D:6)
  A hornet (D:8)
  Grinder (D:3)
  2 water moccasins (D:8)
  2 sky beasts
  2 orc warriors
  4 black bears
  A centaur (D:8)
  2 ogres (D:6)
  2 phantoms
  3 kobold brigands
  A gnoll sergeant (D:9)
  4 scorpions
  2 bullfrogs
  5 wights (D:8)
  4 killer bees (D:7)
  A jelly (D:5)
  2 orc priests
  A hound (D:3)
  A gnoll bouda (D:7)
  Terence (D:3)
  8 orc wizards
  2 iguanas (D:3)
  3 sleepcaps
  18 gnolls
  4 adders
  2 white imps
  4 dart slugs
  24 orcs
  6 endoplasms
  3 giant cockroaches
  8 goblins
  5 hobgoblins
  5 jackals
  2 quokkas
  4 ball pythons
  7 bats
  3 frilled lizards
  15 kobolds
  7 rats
173 creatures vanquished.

Vanquished Creatures (others)
  An orc wizard (D:4)
1 creature vanquished.

Grand Total: 174 creatures vanquished

Notes
Turn   | Place    | Note
-------+----------+-------------------------------------------
     0 | D:1      | Amplified the Mummy Gladiator began the quest for the Orb.
     0 | D:1      | Reached XP level 1. HP: 16/16 MP: 1/1
    41 | D:1      | Found Velaiclu's Armour Shop.
   182 | D:1      | Reached XP level 2. HP: 22/22 MP: 2/2
   592 | D:1      | Gained mutation: You are in touch with the powers of death.
                  | [Mummy growth]
   592 | D:1      | Reached XP level 3. HP: 23/28 MP: 3/3
   869 | D:2      | Found Liyweot's Jewellery Shop.
  1364 | D:3      | Reached skill level 3 in Fighting
  1364 | D:3      | Reached XP level 4. HP: 35/35 MP: 4/4
  1517 | D:3      | Noticed Terence
  1531 | D:3      | Killed Terence
  1548 | D:3      | Reached XP level 5. HP: 41/41 MP: 5/5
  1841 | D:3      | Noticed Grinder
  1877 | D:3      | Paralysed by Grinder for 4 turns
  1888 | D:3      | Killed Grinder
  1889 | D:3      | Reached skill level 4 in Fighting
  1889 | D:3      | Reached XP level 6. HP: 48/48 MP: 6/6
  1905 | D:3      | Found a shadowy altar of Dithmenos.
  2075 | D:3      | Noticed Ijyb
  2407 | D:3      | Reached XP level 7. HP: 43/55 MP: 7/7
  2851 | D:4      | Found a sparkling altar of Nemelex Xobeh.
  2927 | D:5      | Entered Level 5 of the Dungeon
  2951 | D:5      | Found a runed translucent door.
  2961 | D:5      | Reached skill level 5 in Fighting
  2974 | D:5      | Found a radiant altar of Vehumet.
  3195 | D:5      | Found a staircase to the Ecumenical Temple.
  3333 | Temple   | Entered the Ecumenical Temple
  3525 | D:5      | Noticed tykejmi's ghost (novice DgAE)
  3574 | D:6      | Reached skill level 5 in Maces & Flails
  3574 | D:6      | Reached skill level 5 in Dodging
  3574 | D:6      | Reached XP level 8. HP: 51/64 MP: 8/8
  3616 | D:6      | Found Ybyer's Book Shop.
  3761 | D:6      | Noticed Maggie
  3777 | D:6      | Killed Maggie
  3778 | D:6      | Reached skill level 6 in Fighting
  4137 | D:6      | Reached skill level 1 in Shields
  4369 | D:7      | Identified a scroll of acquirement
  4370 | D:7      | Acquired the ring of Qolotefa {rF+ Will+ rCorr Str+2 Dex+3
                  | Stlth+}
  4379 | D:7      | Found an ornate altar of the Wu Jian Council.
  4775 | D:7      | Reached skill level 7 in Fighting
  4809 | D:7      | Reached XP level 9. HP: 65/72 MP: 9/9
  4831 | D:7      | Learned a level 2 spell: Poisonous Vapours
  5820 | D:8      | Reached skill level 8 in Fighting
  5837 | D:8      | Found an opulent altar of Gozag.
  5837 | D:8      | Found an iron altar of Okawaru.
  5842 | D:8      | Became a worshipper of Gozag Ym Sagoz the Greedy
  6096 | D:8      | Found Hoxoatt's Assorted Antiques.
  6102 | D:8      | Bought a scroll of teleportation for 99 gold pieces
  6326 | D:9      | Noticed a komodo dragon
  6429 | D:9      | Found a staircase to the Lair.
  6458 | D:9      | Found a runed translucent door.
  6464 | D:9      | Noticed Ivernyr's ghost (novice FoFi)
  6484 | D:9      | Reached XP level 10. HP: 72/82 MP: 10/10
  6528 | D:9      | Demolished by a komodo dragon

Illustrated notes

Levels and vault maps discovered:
D:1:      evilmike_arrival_plus, layout_loops_ring, serial_shops, shop,
          serial_forest, infiniplex_forest_straight_4,
          infiniplex_forest_side_room, infiniplex_forest_straight_2,
          infiniplex_forest_clump_diagonal, infiniplex_forest_corner_2,
          infiniplex_forest_lined_corner, infiniplex_forest_lined_corner
D:2:      layout_basic, serial_shops, nicolae_shop_tiny_statue_garden
D:3:      layout_loops_corners, nicolae_dithmenos_the_darkroom, uniq_grinder,
          uniq_terence, uniq_ijyb
D:4:      layout_basic, mainiacjoe_overflow_catwalk
D:5:      layout_cave_pools, old_standard_altar, minmay_temple_entry_hall,
          ebering_ghost_reflecting_pool
D:6:      layout_gridville, serial_shops, nicolae_shop_real_fake_doors,
          uniq_maggie
D:7:      layout_basic, mainiacjoe_overflow_boulevard, grunt_ministairs_11
D:8:      layout_loops_cross, mainiacjoe_overflow_large_starburst, serial_shops,
          shop
D:9:      layout_cave_pools, mainiacjoe_overflow_alcove_2,
          grunt_lair_entry_orc_guard_hut, ebering_ghost_reflecting_pool,
          minmay_misc_feat_rugged
Temple:   minmay_freezing_vapour_temple

Skill      XL: |  1  2  3  4  5  6  7  8  9 |
---------------+----------------------------+-----
Maces & Flails | 3 4 5 6 7 |  7.4
Dodging        | 3 4 5 |  5.5
Fighting       | 3 4 5 7 8 |  8.6
Shields        | 2 4 |  4.5
Throwing       | |  1.5
Spellcasting   | |  0.1

Action                     |  1- 3 |  4- 6 |  7- 9 | 10-12 || total
---------------------------+-------+-------+-------+-------++-------
  Melee: Flail             |   126 |   121 |   408 |    15 ||   670
         Punch             |       |       |     4 |       ||     4
  Throw: Throwing net      |       |     3 |     2 |       ||     5
    Use: Scroll            |     6 |     1 |    10 |       ||    17
   Stab: Held in net/web   |       |     1 |       |       ||     1
         Sleeping          |       |       |     3 |       ||     3
         Distracted        |       |       |     1 |       ||     1
 Armour: Leather armour    |    44 |    52 |    45 |       ||   141
         Steam dragon scal |       |       |   113 |     1 ||   114
  Dodge: Dodged            |    83 |    94 |   258 |     5 ||   440
  Block: Kite shield       |       |       |   163 |     6 ||   169
